 Dungeon Crawl Stone Soup version 0.27-a0-522-g46bbb28828 (webtiles) character file.

Game seed: 16009578231613844671

99 jasper the Skirmisher (level 4, 0/35 HPs)
             Began as a Demonspawn Warper on Mar 4, 2021.
             Slain by an orc wizard
             ... wielding a +0 dagger
              (3 damage)
             ... on level 4 of the Dungeon.
             The game lasted 00:04:45 (3122 turns).

jasper the Skirmisher (Demonspawn Warper)           Turns: 3122, Time: 00:04:46

Health: 0/35       AC:  6    Str: 15 (18) XL:     4   Next: 45%
Magic:  7/7        EV: 11    Int: 14 (15) God:
Gold:   54         SH:  0    Dex:  9 (12) Spells: 5/7 levels left

rFire    . . .     SeeInvis .   a - +0 mace
rCold    . . .     Faith    .   (no shield)
rNeg     . . .     Spirit   .   g - +0 ring mail
rPois    .         Reflect  .   s - +0 helmet
rElec    .         Harm     .   (no cloak)
rCorr    .         Rampage  .   (no gloves)
Will     .....                  (no boots)
Stlth    ..........             (no amulet)
HPRegen  0.11/turn              n - +6 ring of strength
MPRegen  0.10/turn              (no ring)

@: hasted, very quick
A: claws 1, foul stench 1
a: no special abilities


You were on level 4 of the Dungeon.
You visited 1 branch of the dungeon, and saw 4 of its levels.

You collected 54 gold pieces.

Inventory:

Hand Weapons
 a - a +0 mace (weapon)
Missiles
 e - 5 boomerangs of dispersal
 f - 25 arrows
 i - 112 stones (quivered)
 m - a throwing net
Armour
 b - a +0 leather armour
 g - a +0 ring mail (worn)
 s - a +0 helmet (worn)
Jewellery
 n - a +6 ring of strength (left claw)
 r - a +4 ring of evasion
Scrolls
 c - a scroll of fog
 d - a scroll of blinking
 h - 2 scrolls of teleportation
 o - a scroll of immolation {unknown}
 p - a scroll of enchant weapon {unknown}
 t - a scroll of identify
Potions
 k - 2 potions of brilliance


   Skills:
 + Level 3.1 Fighting
 - Level 1.7 Maces & Flails
 - Level 0.8 Throwing
 - Level 2.1 Armour
 + Level 2.8 Dodging
 * Level 0.8 Unarmed Combat
 - Level 2.0 Spellcasting
 - Level 2.6 Translocations


You had 5 spell levels left.
You knew the following spells:

 Your Spells              Type           Power        Failure   Level
a - Blink                 Tloc           N/A          22%         2

Your spell library contained the following spells:

 Spells                   Type           Power        Failure   Level
 Gell's Gravitas          Tloc           4%           41%         3
 Lesser Beckoning         Tloc           4%           41%         3
 Teleport Other           Tloc           8%           41%         3
 Manifold Assault         Tloc           8%           83%         4


Dungeon Overview and Level Annotations

Branches:
Dungeon (3/15)

Altars:

Annotations:
D:2 Robin


Innate Abilities, Weirdness & Mutations

You have sharp fingernails.
You may rarely emit foul miasma when damaged in melee.


Message History

Pain shoots through your body!
* * * LOW HITPOINT WARNING * * *
You take 12 damage, and have 10/35 hp.
MASSIVE DAMAGE!!
You feel better.
The orc wizard hits you but does no damage.
The orc priest hits you with a +0 morningstar!
* * * LOW HITPOINT WARNING * * *
You take 1 damage, and have 9/35 hp.
It was a potion of degeneration.
There was something very wrong with that liquid.
You feel weakened.
You feel dopey.
You feel clumsy.
The orc wizard points at you and mumbles some strange words.
You are confused.
You feel better. The orc priest misses you.
The orc wizard hits you but does no damage.
You regained 8 hp, and now have 17/35 hp.
It was a potion of haste.
You feel yourself speed up.
The orc priest hits you with a +0 morningstar.
You take 4 damage, and have 13/35 hp.
You barely miss the orc wizard.
The orc wizard is heavily wounded.
The orc priest barely misses you. The orc wizard barely misses you.
You hit the orc wizard.
The orc wizard is heavily wounded.
The orc closely misses you. The orc priest closely misses you.
The orc wizard hits you but does no damage.
You barely miss the orc wizard.
The orc wizard is heavily wounded.
The orc hits you.
You take 2 damage, and have 11/35 hp.
You barely miss the orc wizard.
The orc wizard is heavily wounded.
The orc wizard hits you but does no damage.
The orc priest hits you with a +0 morningstar.
* * * LOW HITPOINT WARNING * * *
The orc hits you.
* * * LOW HITPOINT WARNING * * *
You take 8 damage, and have 3/35 hp.
MASSIVE DAMAGE!!
The orc wizard hits you with a +0 dagger.
You die...

#########
###########.........# .
............#######.#
.#
#..#......(.#######.##.
.........†...........o
#..#.#####.########.(#
#..#.# #.#.## ..#
#..#.# #..#.#####(.#
#..#.# ##......@.o..#
#..#)# #.##.....oo.##
...#.# ##.#.#.###.!#
...#.######...## #.....
.............## #..####
#....######..# #..#
#..### #..# .... ...#
#..# .#.## ##.# #### .#


You could see an orc priest, an orc wizard and an orc.

Vanquished Creatures
  2 adders
  3 oozes (D:1)
  A worm (D:2)
  2 dart slugs
  5 orcs
  13 goblins
  10 hobgoblins (D:1)
  7 kobolds
  2 bats (D:1)
  7 frilled lizards
  A rat (D:1)
53 creatures vanquished.

Notes
Turn   | Place    | Note
-------+----------+-------------------------------------------
     0 | D:1      | jasper the Demonspawn Warper began the quest for the Orb.
     0 | D:1      | Reached XP level 1. HP: 16/16 MP: 3/3
    20 | D:1      | Reached skill level 1 in Armour
   294 | D:1      | Gained mutation: You may rarely emit foul miasma when
                  | damaged in melee. [demonic ancestry]
   294 | D:1      | Reached XP level 2. HP: 9/22 MP: 5/5
   297 | D:1      | Learned a level 2 spell: Blink
   838 | D:1      | Reached XP level 3. HP: 27/28 MP: 6/6
  1783 | D:2      | Noticed Robin
  2512 | D:2      | Gained mutation: You have sharp fingernails. [demonic
                  | ancestry]
  2512 | D:2      | Reached XP level 4. HP: 32/34 MP: 7/7
  2558 | D:2      | Reached skill level 3 in Fighting
  2869 | D:2      | You fall into a shaft and drop 2 floors!
  3122 | D:4      | Slain by an orc wizard

Illustrated notes

Levels and vault maps discovered:
D:1:      minmay_arrival_three_doors, layout_basic
D:2:      layout_basic, uniq_robin
D:3:      cheibrodos_greedy_goblins, layout_basic, okawaru_ov_weapons_minmay,
          uniq_natasha, uniq_crazy_yiuf_cottage, uniq_ijyb
D:4:      layout_loops_ring, kennysheep_mini_moat, kennysheep_generic_room_8

Skill      XL: |  1  2  3  4 |
---------------+-------------+-----
Armour         | 1 2 |  2.1
Dodging        | 2 |  2.8
Fighting       | 3 |  3.1
Maces & Flails | |  1.7
Throwing       | |  0.8
Unarmed Combat | |  0.8
Spellcasting   | |  2.0
Translocations | |  2.6

Action                   |  1- 3 |  4- 6 || total
-------------------------+-------+-------++-------
Melee: Mace              |   116 |    48 ||   164
Throw: Stone             |    25 |     6 ||    31
  Use: Scroll            |     4 |       ||     4
       Potion            |       |     4 ||     4
Armor: Leather armour    |     8 |       ||     8
       Ring mail         |    35 |    23 ||    58
Dodge: Dodged            |    89 |    46 ||   135

Table legend: (Time is in decaauts)
 A = Elapsed time spent in this place.
 B = Non-inter-level travel time spent in this place.
 C = Inter-level travel time spent in this place.
 D = Time resting spent in this place.
 E = Time spent auto-exploring this place.
 F = Levels seen in this place.
 G = Mean time per level.
                   A        B        C        D        E       F      G
               +--------+--------+--------+--------+--------+-----+--------+
         Total |   3183 |   3046 |    137 |    929 |   1487 |   4 |  795.8 |
       Dungeon |   3183 |   3046 |    137 |    929 |   1487 |   4 |  795.8 |
               +--------+--------+--------+--------+--------+-----+--------+

Top non-repeatable levels by time:
     D:1: 2506 daAuts
     D:2: 407 daAuts
     D:4: 257 daAuts
     D:3: 11 daAuts
